 Dungeon Crawl Stone Soup version 0.30.1-8-g117510f58f (webtiles) character file.

Game seed: 5830831989158414817

1432 Kranky the Fighter (level 8, -3/74 HPs)
             Began as a Minotaur Berserker on Sept 23, 2023.
             Was an Elder of Trog.
             Slain by a two-headed ogre
             ... wielding a +0 giant club
              (5 damage)
             ... on level 6 of the Dungeon.
             The game lasted 00:07:21 (5238 turns).

Kranky the Fighter (Minotaur Berserker)             Turns: 5238, Time: 00:07:22

Health: -3/74      AC: 11    Str: 36    XL:     8   Next: 45%
Magic:  7/7        EV: 13    Int:  4    God:    Trog [****..]
Gold:   275        SH:  0    Dex: 10    Spells: 7/7 levels left

rFire   . . .        w - +2 hand axe (venom)
rCold   . . .        (no shield)
rNeg    . . .        y - +0 scale mail
rPois   +            (helmet restricted)
rElec   .            k - +2 cloak {rPois}
rCorr   .            (no gloves)
SInv    .            (no boots)
Will    .....        (no amulet) Stlth
                     j - +6 ring of strength
HPRegen 0.32/turn    s - +6 ring of strength
MPRegen 0.10/turn

%: no passive effects
@: no status effects
A: horns 2, retaliatory headbutt
a: Renounce Religion, Berserk, Trog's Hand, Brothers in Arms


You were on level 6 of the Dungeon.
You worshipped Trog.
Trog was greatly pleased with you.
You visited 1 branch of the dungeon, and saw 6 of its levels.

You collected 275 gold pieces.

Inventory:

Hand Weapons
 a - a +0 hand axe
 w - a +2 hand axe of venom (weapon)
Armour
 b - a +0 animal skin
 i - a +0 ring mail
 k - a +2 cloak of poison resistance (worn)
 y - a +0 scale mail (worn)
Jewellery
 j - a +6 ring of strength (left hand)
 s - a +6 ring of strength (right hand)
Scrolls
 c - a scroll of enchant weapon {unknown}
 f - a scroll of teleportation {unknown}
 h - a scroll of noise {unknown}
 m - a scroll of immolation {unknown}
 n - a scroll of enchant armour {unknown}
 p - a scroll of summoning {unknown}
 t - 3 scrolls of vulnerability {unknown}
 x - a scroll of amnesia {unknown}
 z - a scroll of poison {unknown}
Potions
 d - 3 potions of heal wounds
 e - a potion of ambrosia {unknown}
 g - 4 potions of attraction {unknown}
 l - a potion of brilliance {unknown}
 o - 2 potions of magic {unknown}
 q - 5 potions of curing
 r - a potion of degeneration {unknown}
 u - 2 potions of mutation
 v - 2 potions of flight {unknown}


   Skills:
 + Level 8.1 Fighting
 - Level 3.7 Axes
 + Level 7.6 Armour
 + Level 6.9 Dodging


You had 7 spell levels left.
You didn't know any spells.
Your spell library was empty.

Dungeon Overview and Level Annotations

Branches:
Dungeon (6/15)             Temple (0/1) D:4

Altars:
Cheibriados
Kikubaaqudgha
Yredelemnul

Shops:
D:2 (   D:3 :

Portals:
Abyss: D:5

Annotations:
D:5 2 transporters, Fractals's ghost, novice HuWn
D:6 3 runed translucent doors


Innate Abilities, Weirdness & Mutations

You have a pair of horns on your head.
You reflexively headbutt those who attack you in melee.


Message History

The orc wizard hits you but does no damage.
There are monsters nearby!
You slash the orc wizard!
The orc wizard is poisoned.
The orc wizard is almost dead.
There are monsters nearby!
You hit the two-headed ogre.
The two-headed ogre is poisoned.
The two-headed ogre is lightly wounded.
There are monsters nearby!
You hit the two-headed ogre but do no damage.
The two-headed ogre is lightly wounded.
You kill the orc wizard!
Trog accepts your kill.
Trog appreciates your killing of a magic user.
The two-headed ogre hits you with a +0 giant club!!
The two-headed ogre barely misses you.
You hit the two-headed ogre.
The two-headed ogre looks as sick as possible!
The two-headed ogre is lightly wounded.
The two-headed ogre closely misses you. The two-headed ogre barely misses you.
Unknown command.
You hit the two-headed ogre.
The two-headed ogre looks as sick as possible!
Your headbutt misses the two-headed ogre.
The two-headed ogre is moderately wounded.
You slash the two-headed ogre!
The two-headed ogre is heavily wounded.
You hear the slow hiss of a distant avalanche of sand.
The two-headed ogre completely misses you.
The two-headed ogre hits you with a +0 giant spiked club!
You hit the two-headed ogre but do no damage.
The two-headed ogre looks as sick as possible!
The two-headed ogre is heavily wounded.
The two-headed ogre closely misses you.
The two-headed ogre hits you with a +0 giant spiked club!!
* * * LOW HITPOINT WARNING * * *
The two-headed ogre attacks as you move away!
The two-headed ogre hits you with a +0 giant club!!
* * * LOW HITPOINT WARNING * * *
The two-headed ogre hits you with a +0 giant spiked club.
You die...

. ##.##.# .# #..##.#
.#? #.....# #8.
##.#### #8. #######
#..# ..##++##.).#?#
#..# .........#..#
#..#
#.....##.#.####.#..#
##... #.##)@O)##..#
#..
#..######...########
#.
##................<#
# #.#......[....###
...#.........#.#
#####.#######.#.#
#.# #.#.# #.# #)#.#
#.# #.#.#


You could see a two-headed ogre (extremely poisoned).

Vanquished Creatures
  4 ogres
  A centaur (D:6)
  A bullfrog (D:6)
  A scorpion (D:4)
  6 orc priests
  A hound (D:5)
  3 jellies
  2 sleepcaps (D:4)
  4 iguanas
  7 orc wizards
  3 gnolls (D:5)
  10 adders
  A white imp (D:5)
  An ufetubus (D:6)
  2 dart slugs
  25 orcs
  5 bats
  8 endoplasms
  6 giant cockroaches
  3 goblins (D:1)
  11 hobgoblins
  7 jackals
  5 kobolds
  7 quokkas
  11 ball pythons
  3 frilled lizards
  A rat (D:1)
139 creatures vanquished.

Notes
Turn   | Place    | Note
-------+----------+-------------------------------------------
     0 | D:1      | Kranky the Minotaur Berserker began the quest for the Orb.
     0 | D:1      | Reached XP level 1. HP: 19/19 MP: 0/0
   191 | D:1      | Reached XP level 2. HP: 27/27 MP: 1/1
   455 | D:1      | Reached skill level 4 in Fighting
   681 | D:1      | Reached XP level 3. HP: 33/33 MP: 2/2
   919 | D:1      | Reached ** piety under Trog
  1585 | D:2      | Found Hisor's Weapon Shop.
  2187 | D:3      | Found Reedoq's Vocational Training.
  2237 | D:3      | Reached XP level 4. HP: 41/41 MP: 3/3
  2317 | D:3      | Found a faded altar of an unknown god.
  2496 | D:3      | Reached XP level 5. HP: 32/47 MP: 4/4
  2661 | D:3      | Found a snail-covered altar of Cheibriados.
  2665 | D:3      | Reached skill level 5 in Fighting
  3022 | D:4      | Reached *** piety under Trog
  3036 | D:4      | Reached XP level 6. HP: 45/56 MP: 5/5
  3074 | D:4      | Found a basalt altar of Yredelemnul.
  3095 | D:4      | Found a staircase to the Ecumenical Temple.
  3327 | D:4      | Reached skill level 5 in Armour
  3400 | D:4      | Reached skill level 6 in Fighting
  3564 | D:4      | Reached skill level 5 in Dodging
  3572 | D:4      | Reached XP level 7. HP: 50/63 MP: 6/6
  3715 | D:5      | Entered Level 5 of the Dungeon
  4025 | D:5      | Found a transporter.
  4028 | D:5      | Found a transporter.
  4028 | D:5      | Noticed a small abomination
  4152 | D:5      | Found a one-way gate to the infinite horrors of the Abyss.
  4152 | D:5      | Noticed Fractals's ghost (novice HuWn)
  4188 | D:5      | Found an ancient bone altar of Kikubaaqudgha.
  4516 | D:5      | Reached **** piety under Trog
  4517 | D:5      | Reached skill level 7 in Fighting
  4872 | D:5      | Noticed an ancient zyme
  5000 | D:6      | Found a large runed translucent door.
  5024 | D:6      | Reached XP level 8. HP: 51/73 MP: 7/7
  5167 | D:6      | Found a large runed translucent door.
  5167 | D:6      | Found a large runed translucent door.
  5210 | D:6      | Reached skill level 8 in Fighting
  5229 | D:6      | Noticed a two-headed ogre
  5238 | D:6      | HP: 2/74 [two-headed ogre/+0 giant club (18)]
  5238 | D:6      | Slain by a two-headed ogre

Illustrated notes

Levels and vault maps discovered:
D:1:      spicycebolla_arrival_xxxplode, layout_basic, feat_on_display
D:2:      layout_loops_corners, serial_shops, nicolae_shop_bloodbath_and_beyond
D:3:      layout_loops_cross, mainiacjoe_overflow_brackets,
          nicolae_ecumenical_snake_handling, grunt_ministairs_11,
          nicolae_shop_vocational
D:4:      layout_cave_pools, mainiacjoe_overflow_chevrons,
          minmay_temple_entry_arrows
D:5:      layout_basic, mainiacjoe_overflow_catwalk,
          gammafunk_ghost_abyssal_escape
D:6:      layout_basic, nicolae_ossuary_entry_catacombs, hex_large,
          minmay_hollow_rounded_squares

Skill      XL: |  1  2  3  4  5  6  7  8 |
---------------+-------------------------+-----
Fighting       | 4 5 6 7 8 |  8.1
Armour         | 3 4 5 6 7 |  7.6
Dodging        | 3 4 5 6 |  6.9
Axes           | |  3.7

Action                     |  1- 3 |  4- 6 |  7- 9 || total
---------------------------+-------+-------+-------++-------
  Melee: Hand axe          |    96 |   132 |    77 ||   305
         Headbutt          |    13 |    16 |    16 ||    45
         Punch             |       |     2 |       ||     2
    Use: Scroll            |       |       |     3 ||     3
 Armour: Animal skin       |    10 |       |       ||    10
         Ring mail         |     8 |    59 |       ||    67
         Scale mail        |       |       |    38 ||    38
  Dodge: Dodged            |    62 |    83 |    51 ||   196
